 Dungeon Crawl Stone Soup version 0.21.1-1-g345015fe64 (webtiles) character file.

2613 Htamos the Cleaver (level 9, -3/79 HPs)
             Began as a Deep Dwarf Fighter on July 10, 2018.
             Was a Follower of Makhleb.
             Killed from afar by a steam dragon (18 damage)
             ... with a ball of steam
             ... on level 8 of the Dungeon.
             The game lasted 00:15:45 (4724 turns).

Htamos the Cleaver (Deep Dwarf Fighter)             Turns: 4724, Time: 00:15:45

Health: -3/79      AC:  1    Str: 22    XL:     9   Next: 34%
Magic:  5/5        EV: 11    Int:  9    God:    Makhleb [*.....]
Gold:   205        SH: 12    Dex: 13    Spells: 8/8 levels left

rFire    . . .     SeeInvis .   a - +1 war axe
rCold    . . .     Gourm    .   c - +1 shield
rNeg     . . .     Faith    .   (no armour)
rPois    .         Spirit   .   (no helmet)
rElec    .         Reflect  .   o - +0 cloak
rCorr    .         Harm     .   (no gloves)
MR       ++...                  (no boots)
Stlth    +.........             (no amulet)
HPRegen  0.00/turn              (no ring)
MPRegen  0.09/turn              j - ring of protection from magic

@: non-regenerating
A: damage resistance, heal wounds, sense surroundings 2, no regeneration
a: Heal Wounds, Renounce Religion


You were on level 8 of the Dungeon.
You worshipped Makhleb.
Makhleb was aware of your devotion.
You were not hungry.

You visited 2 branches of the dungeon, and saw 9 of its levels.

You collected 205 gold pieces.

Inventory:

Hand Weapons
 a - a +1 war axe (weapon)
Armour
 b - a +0 scale mail
 c - a +1 shield (worn)
 i - a +0 ring mail
 o - a +0 cloak (worn)
 x - a +1 plate armour
Jewellery
 j - a ring of protection from magic (right hand)
 y - an uncursed ring of ice {unknown}
Wands
 r - a wand of scattershot (7)
Scrolls
 e - 6 scrolls of teleportation
 g - a scroll of remove curse
 k - a scroll of magic mapping
 l - 3 scrolls of identify
 q - 3 scrolls of amnesia
 u - 2 scrolls of enchant weapon
Potions
 d - a potion of might
 h - 2 potions of haste
 m - a potion of agility
 n - 3 potions of flight
 t - 2 potions of resistance
 v - a potion of curing
Books
 p - a book of Misfortune

   Spells                             Type                      Level
   a - Confusing Touch                Hexes                        1
   b - Confuse                        Hexes                        3
   c - Gell's Gravitas                Translocation                3
   d - Petrify                        Transmutation/Earth          4
   e - Metabolic Englaciation         Hexes/Ice                    5
   f - Yara's Violent Unravelling     Hexes/Transmutation          5
 s - a book of Changes

   Spells                             Type                      Level
   a - Beastly Appendage              Transmutation                1
   b - Sticks to Snakes               Transmutation                2
   c - Spider Form                    Transmutation/Poison         3
   d - Ice Form                       Ice/Transmutation            4
   e - Blade Hands                    Transmutation                5
Comestibles
 f - 10 rations


   Skills:
 + Level 4.5 Fighting
 * Level 10.7 Axes
 + Level 5.1 Armour
 + Level 3.3 Dodging
 + Level 6.6 Shields


You had 8 spell levels left.
You didn't know any spells.

Dungeon Overview and Level Annotations

Branches:
Dungeon (8/15)             Temple (1/1) D:5
   Lair: D:8-11

Altars:
Cheibriados
Fedhas
Makhleb
Nemelex Xobeh
Uskayaw
Wu Jian
Xom
The Shining One

Shops:
D:7 *

Annotations:
D:3 2 transporters


Innate Abilities, Weirdness & Mutations

You are resistant to damage.
You can heal yourself by infusing magical energy.
You passively map the area around you.
You do not regenerate.


Message History

The steam dragon bites you. The steam dragon misses you.
You hit the steam dragon but do no damage.
The steam dragon misses you. You block the steam dragon's attack.
You hit the steam dragon.
The steam dragon is lightly wounded.
The steam dragon closely misses you. The steam dragon claws you.
You closely miss the steam dragon.
The steam dragon is lightly wounded.
The steam dragon bites you! The steam dragon claws you.
You closely miss the steam dragon.
The steam dragon is lightly wounded.
The steam dragon bites you!
* * * LOW HITPOINT WARNING * * *
The steam dragon claws you.
* * * LOW HITPOINT WARNING * * *
You closely miss the steam dragon.
The steam dragon is lightly wounded.
The steam dragon breathes steam at you. The ball of steam hits you!
You die...

** * * * * ###
,, , ,,>. , * *
*.# ,,,
#####.#.# , ,*
#...@D..# , *
#.###.### ,
#######...#.#
,..........#.#
,
,........#.#.##
,
######.##....#
, * #.##.#..#
,, , #.......#
, #####..##


You could see a steam dragon.

Vanquished Creatures
  A hippogriff (D:7)
  The ghost of Shavain the Shield-Bearer, an amateur FoFi (D:8)
  An orc warrior (D:6)
  An ice beast (D:3)
  A necrophage (D:5)
  2 phantoms
  2 centaurs
  2 bullfrogs
  2 scorpions
  3 wights (D:3)
  The ghost of tidbits the Grave Robber, a weakling GnNe (D:3)
  3 crimson imps
  A centaur zombie (D:7)
  4 hounds
  2 centaur skeletons
  Crazy Yiuf (D:2)
  3 jellies
  A bullfrog skeleton (D:6)
  6 orc priests
  An iron imp (D:6)
  An iguana (D:7)
  5 orc wizards
  10 worker ants
  A hound zombie (D:5)
  9 adders
  2 oozes
  An adder skeleton (D:6)
  3 worms
  2 dart slugs
  7 leopard geckos
  23 orcs
  7 giant cockroaches
  2 goblins
  6 hobgoblins
  9 jackals
  9 kobolds
  4 ball pythons
  7 bats
  5 frilled lizards
  A jackal zombie (D:6)
  A quokka skeleton (D:4)
  11 rats
165 creatures vanquished.

Notes
Turn   | Place    | Note
-------+----------+-------------------------------------------
     0 | D:1      | Htamos the Deep Dwarf Fighter began the quest for the Orb.
     0 | D:1      | Reached XP level 1. HP: 20/20 MP: 1/1
    48 | D:1      | Reached XP level 2. HP: 27/27 MP: 2/2
   610 | D:2      | Reached XP level 3. HP: 31/34 MP: 2/2
   614 | D:2      | Reached skill level 3 in Axes
   657 | D:2      | Reached XP level 4. HP: 38/42 MP: 3/3
   869 | D:2      | Reached skill level 4 in Axes
   952 | D:2      | Found a runed door.
   956 | D:2      | Noticed Crazy Yiuf
   959 | D:2      | Paralysed by Crazy Yiuf for 6 turns
   969 | D:2      | Killed Crazy Yiuf
   969 | D:2      | Reached XP level 5. HP: 25/49 MP: 4/4
  1090 | D:3      | Found a blossoming altar of Fedhas.
  1090 | D:3      | Noticed an ice beast
  1151 | D:3      | Found a transporter.
  1156 | D:3      | Noticed tidbits's ghost (weakling GnNe)
  1182 | D:3      | Killed tidbits's ghost
  1316 | D:3      | Noticed an ice beast
  1321 | D:3      | Killed an ice beast
  1321 | D:3      | Reached skill level 5 in Axes
  1321 | D:3      | Reached XP level 6. HP: 36/56 MP: 5/5
  1467 | D:3      | Reached skill level 1 in Dodging
  1733 | D:3      | Found a transporter.
  1808 | D:3      | Reached skill level 6 in Axes
  1931 | D:4      | Reached XP level 7. HP: 57/62 MP: 6/6
  2385 | D:4      | Found a sparkling altar of Nemelex Xobeh.
  2395 | D:4      | Reached skill level 7 in Axes
  2581 | D:5      | Entered Level 5 of the Dungeon
  2724 | D:5      | Reached skill level 5 in Shields
  2809 | D:5      | Reached skill level 8 in Axes
  2809 | D:5      | Reached XP level 8. HP: 33/71 MP: 6/6
  2829 | D:5      | Found a staircase to the Ecumenical Temple.
  2848 | Temple   | Entered the Ecumenical Temple
  2870 | Temple   | Became a worshipper of Makhleb the Destroyer
  3111 | D:6      | Reached skill level 5 in Armour
  3296 | D:6      | Reached skill level 9 in Axes
  3313 | D:6      | Found a snail-covered altar of Cheibriados.
  3355 | D:6      | Reached * piety under Makhleb
  3678 | D:7      | Found Woam Wapire's Assorted Antiques.
  3766 | D:7      | Reached skill level 10 in Axes
  3820 | D:7      | Gained mutation: You passively map the area around you. [Deep Dwarf growth]
  3820 | D:7      | Reached XP level 9. HP: 38/78 MP: 6/6
  4578 | D:8      | Noticed Shavain's ghost (amateur FoFi)
  4689 | D:8      | Killed Shavain's ghost
  4724 | D:8      | Killed from afar by a steam dragon

Skill      XL: |  1  2  3  4  5  6  7  8  9 |
---------------+----------------------------+-----
Fighting       | 3 4 |  4.5
Axes           | 3 4 5 6 8 10 | 10.7
Shields        | 4 5 6 |  6.6
Armour         | 4 5 |  5.1
Dodging        | 1 2 3 |  3.3

Action                   |  1- 3 |  4- 6 |  7- 9 || total
-------------------------+-------+-------+-------++-------
Melee: War axe           |    83 |   210 |   419 ||   712
 Abil: Heal Wounds       |     2 |     4 |    14 ||    20
  Use: Scroll            |     5 |     2 |    11 ||    18
       Potion            |       |     2 |     1 ||     3
 Stab: Invisible         |       |     1 |       ||     1
  Eat: Chunk             |       |     3 |    11 ||    14
Armor: Scale mail        |    44 |    73 |    24 ||   141
       Ring mail         |       |       |    47 ||    47
       Skin              |       |       |     3 ||     3
Dodge: Dodged            |    29 |    51 |   123 ||   203
Block: Shield            |    58 |   116 |   229 ||   403
